Unix NetHack Version 5.0.0-0 post-release - last build May 10 2026 23:12:36 (d1fa5d53e341ca933230fdaa984d921c805b60aa,branch:main).

Game began 2026-05-13 14:26:12, ended 2026-05-13 14:37:00.

BilldaCat, neutral male human Wizard

                                              ----          ----
                                            ---..          --..---       --
                                           --...--         |.....|       .
                                           |.....--      --- -...--    --.
                                            -(....|---   |.--|....|    |..
                                            ---...--.-- --..--..|.|    |.
                                              |.......| |.......|.--   |.|
                                            ---......----.--....|.)|   |.|
                                            |..........|..---.----.-----.|
                                            |..---..--.|....|--  |.......|
                                            ------..||......|    -----...-
                                               |....|--.....-        |.|..--
                            -----             --.---- -----..|   ----|.--..---
                          -...... ----      ---..|         -.-----...|.......|
                               -...s@----- --....|          -..|.%........--
                               -- --.....---.....|          |.).%........--
                                 -....--........---         |....).*.....|
                                 |..-------.......|         |...........--
                                 ---      |..---..|         --.......----
                                          ----  ---          ----.----
                                                                ---
BilldaCat the Conjurer    St:13 Dx:13 Co:13 In:18 Wi:11 Ch:9  Neutral
Dlvl:7  $:3734 HP:0(38) Pw:11(53) AC:9  Xp:5 T:1525  Satiated Burdened

Latest messages:
 What do you want to drink? [hlmotvwAC-EG-IMTX or ?*] ?
 You feel better.
 The dwarf picks up 2 beeves.
 In what direction? 4
 The spell hits the dwarf!
 The dwarf wields a crossbow!
 In what direction? 4
 The spell hits the dwarf!
 You kill the dwarf!
 There are several objects here.
 There are several objects here.
 The gnome wields 4 daggers!
 The gnome thrusts one of his daggers.
 The gnome hits!
 You hit the gnome.
 In what direction? 8
 The spell hits the gnome!
 The gnome resists!
 You kill the gnome!
 You see here 4 daggers.
 You see here a whistle.
 Your knapsack cannot accommodate any more items.
 What do you want to eat? [qy or ?*] q
 You're having a hard time getting all of it down.
 You're finally finished.
 You have a little trouble lifting q - a whistle.
 What do you want to use or apply? [cfnq-suxBJKOQSUY or ?*] q
 You produce a high whistling sound.
 What do you want to drop? [$a-zA-Z or ?*] q
 You drop a whistle.
 The gnome lord wields 4 daggers!
 In what direction? 4
 The spell hits the gnome lord!
 You kill the gnome lord!
 In what direction? 4
 The spell misses the giant spider.
 The giant spider bites!
 In what direction? 4
 The spell misses the giant spider.
 The giant spider bites!
 The giant spider bites!
 In what direction? 4
 The spell misses the giant spider.
 The giant spider bites!
 The giant spider bites!
 The giant spider bites!
 The giant spider's bite was poisoned!
 You die...
 Do you want your possessions identified? [ynq] (y) y
 Do you want to see your attributes? [ynq] (y) q

Inventory:
 Coins    ('$')
  $ - 3734 gold pieces
 Weapons  (')')
  a - a blessed +1 quarterstaff (weapon in hands)
 Armor    ('[')
  b - an uncursed +0 cloak of magic resistance (being worn)
 Comestibles  ('%')
  y - 2 uncursed tripe rations
 Scrolls  ('?')
  k - a cursed scroll of amnesia
  L - a cursed scroll of charging
  R - an uncursed scroll of confuse monster
  V - a cursed scroll of confuse monster
  N - an uncursed scroll of create monster
  z - an uncursed scroll of destroy armor
  P - an uncursed scroll of enchant armor
  Z - a cursed scroll of enchant armor
  F - a blessed scroll of light
  j - an uncursed scroll of magic mapping
  W - a cursed scroll of remove curse
  i - a blessed scroll of taming
  g - a cursed scroll of teleportation
 Spellbooks  ('+')
  S - an uncursed spellbook of create monster
  U - an uncursed spellbook of cure sickness
  B - an uncursed spellbook of extra healing
 Potions  ('!')
  m - a cursed potion of blindness
  C - a cursed potion of booze
  l - a cursed potion of gain ability
  h - an uncursed potion of gain energy
  E - 2 cursed potions of gain energy
  M - an uncursed potion of healing
  G - a cursed potion of healing
  A - a cursed potion of levitation
  v - an uncursed potion of monster detection
  H - an uncursed potion of monster detection
  t - a cursed potion of monster detection
  o - a cursed potion of oil
  I - an uncursed potion of paralysis
  X - a cursed potion of polymorph
  w - a cursed potion of sleeping
  T - an uncursed potion of speed
  D - 4 potions of unholy water
 Rings    ('=')
  p - a cursed ring of conflict
  d - an uncursed +2 ring of gain constitution (on left hand)
  e - an uncursed ring of protection from shape changers (on right hand)
 Wands    ('/')
  Y - a cursed wand of cold (0:3)
  J - a wand of magic missile (0:5)
  u - a wand of make invisible (0:8)
  s - a wand of polymorph (0:6)
  c - a wand of polymorph (0:2)
  Q - a cursed wand of sleep (0:5)
  K - a wand of striking (0:8)
  f - a cursed wand of teleportation (0:7)
 Tools    ('(')
  r - a cursed magic lamp (lit)
  n - a magic marker (0:21)
  O - a cursed magic marker (0:22)
  x - an uncursed skeleton key

BilldaCat the Wizard's attributes:

Background:
 You were a Conjurer, a level 5 male human Wizard.
 You were neutral, nominally on a mission for Thoth
 who was opposed by Ptah (lawful) and Anhur (chaotic).
 You were right-handed.
 You were in the Gnomish Mines, on level 7.
 You entered the dungeon 1525 turns ago.
 You had 292 experience points, 28 more were needed to attain level 6.

Basics:
 You had 0 out of 38 hit points.
 You had 11 out of 53 energy points (spell power).
 Your armor class was 9.
 Your wallet contained 3734 zorkmids.
 Autopickup was on for '$"?!/=' plus thrown, with exceptions.

Final Characteristics:
 Your strength was 13 (limit:18/100).
 Your dexterity was 13 (limit:18).
 Your constitution was 13 (base:11, limit:18).
 Your intelligence was 18 (limit:18).
 Your wisdom was 11 (limit:18).
 Your charisma was 9 (limit:18).

Final Status:
 You were satiated.
 You were burdened; movement was slightly slowed.
 You were wielding a quarterstaff.
 You had basic skill with quarterstaff.

Final Attributes:
 You were devoutly aligned.
 You were magic-protected.
 You were warded.
 You were protected from shape changers.
 You are dead.

Miscellaneous:
 You encountered 1 bones level.
 Total elapsed playing time was 10 minutes and 47 seconds.

Major events:
 Turn
    1: BilldaCat the neutral male human Wizard entered the dungeon
  207: killed Abitibi the sewer rat, the general store proprietor
  691: attained the rank of Conjurer (level 3)
 1295: entered the Gnomish Mines
 1525: killed by a giant spider

Spells:
 Name                 Level Category     Fail Retention
 force bolt             1   attack         0%  91%-100%
 cure blindness         2   healing       43%  76%-100%
 detect monsters        1   divination     0%  76%-100%
 stone to flesh         3   healing       79%  76%-100%

Skills:
 Fighting Skills
   bare handed combat [Unskilled]
   riding             [Unskilled]
 Weapon Skills
   dagger             [Unskilled]
   knife              [Unskilled]
   axe                [Unskilled]
   short sword        [Unskilled]
   club               [Unskilled]
   mace               [Unskilled]
   quarterstaff       [Basic]
   polearms           [Unskilled]
   spear              [Unskilled]
   trident            [Unskilled]
   sling              [Unskilled]
   dart               [Unskilled]
   shuriken           [Unskilled]
 Spellcasting Skills
   attack spells      [Basic]
   healing spells     [Unskilled]
   divination spells  [Unskilled]
   enchantment spells [Basic]
   clerical spells    [Unskilled]
   escape spells      [Unskilled]
   matter spells      [Unskilled]

Voluntary challenges:
 Character rerolling was not enabled.
 You were an atheist.
 You never genocided any monsters.
 You never changed form.
 You used no wishes.
Achievements:
 You entered a shop.
 You attained the rank of Conjurer.
 You entered the Gnomish Mines.

 The Dungeons of Doom: levels 1 to 5
    Level 1:
    Level 2:
       A general store.
    Level 3:
    Level 4:
       Stairs down to The Gnomish Mines.
    Level 5:
 The Gnomish Mines: levels 5 to 7
    Level 5:
       A grave.
       Final resting place for
          kmoxley-Wiz-Hum-Mal-Neu, killed by a bolt of cold zapped by himself.
    Level 6:
    Level 7: <- You were here.
       Final resting place for
          you, killed by a giant spider.


Vanquished creatures:
  a ghost
  2 gnome leaders
  3 dwarves
  a giant bat
 an iguana
  a hobbit
  a large kobold
  5 gnomes
  3 geckos
  a jackal
  2 kobolds
  a goblin
  a sewer rat
  a grid bug
  2 lichens
  a kobold zombie
  3 newts
30 creatures vanquished.

No species were genocided or became extinct.

Game over:
                       ----------
                      /          \
                     /    REST    \
                    /      IN      \
                   /     PEACE      \
                  /                  \
                  |    BilldaCat     |
                  |     3734 Au      |
                  |   killed by a    |
                  |   giant spider   |
                  |                  |
                  |                  |
                  |       2026       |
                 *|     *  *  *      | *
        _________)/\\_//(\/(/\)/\//\/|_)_______

Goodbye BilldaCat the Wizard...

You died in The Gnomish Mines on dungeon level 7 with 5019 points,
and 3734 pieces of gold, after 1525 moves.
You were level 5 with a maximum of 38 hit points when you died.

